 Dungeon Crawl Stone Soup version 0.30.1-9-gdf580d7c3d (webtiles) character file.

Game seed: 673398251790174036

72 Zonian the Chiller (level 4, -3/24 HPs)
             Began as a Deep Elf Ice Elementalist on Oct 8, 2023.
             Splashed by a jelly's acid (6 damage)
             ... on level 3 of the Dungeon.
             The game lasted 00:02:49 (1736 turns).

Zonian the Chiller (Deep Elf Ice Elementalist)      Turns: 1736, Time: 00:02:50

Health: -3/24      AC:  0    Str:  5    XL:     4   Next: 7%
Magic:  10/11      EV: 13    Int: 22    God:
Gold:   103        SH:  0    Dex: 15    Spells: 9/10 levels left

rFire   . . .        c - +0 sling
rCold   + + .        (no shield)
rNeg    . . .        a - +0 robe
rPois   .            (no helmet)
rElec   .            m - +0 cloak "Fyl Qumn" {rC++}
rCorr   .            (no gloves)
SInv    .            f - +0 pair of boots
Will    .....        (no amulet)
Stlth   ++           d - ring of wizardry
HPRegen 0.24/turn    (no ring)
MPRegen 0.12/turn

%: wizardry (x1)
@: lethally poisoned (-3 -> -6), corroded, invisible
A: no striking features
a: no special abilities


You were on level 3 of the Dungeon.
You visited 1 branch of the dungeon, and saw 3 of its levels.

You collected 103 gold pieces.

Inventory:

Hand Weapons
 c - a +0 sling (weapon)
 o - a +0 rapier
Armour
 a - a +0 robe (worn)
 f - a +0 pair of boots (worn)
 j - a +0 leather armour of fire resistance
 m - the +0 cloak "Fyl Qumn" (worn) {rC++}
   (You found it on level 2 of the Dungeon)

   rC:        It greatly protects you from cold.
Jewellery
 d - a ring of wizardry (left hand)
Scrolls
 e - 5 scrolls of fear {unknown}
 h - 2 scrolls of identify {unknown}
 k - a scroll of magic mapping {unknown}
 l - a scroll of poison {unknown}
 n - a scroll of amnesia {unknown}
 p - a scroll of butterflies {unknown}
 r - a scroll of fog {unknown}
Potions
 b - 2 potions of magic
 g - a potion of heal wounds {unknown}
 i - a potion of lignification {unknown}


   Skills:
 + Level 3.3 Dodging
 + Level 3.5 Stealth
 + Level 3.9 Spellcasting
 + Level 4.9 Ice Magic


You had 9 spell levels left.
You knew the following spells:

 Your Spells              Type           Power      Damage    Failure   Level
a - Freeze                Ice            100%       1d10      1%          1

Your spell library contained the following spells:

 Spells                   Type           Power      Damage    Failure   Level
 Frozen Ramparts          Ice            52%        1d8       1%          3
 Ozocubu's Armour         Ice            26%        N/A       1%          3
 Summon Ice Beast         Ice/Summ       15%        N/A       16%         4


Dungeon Overview and Level Annotations

Branches:
Dungeon (3/15)

Altars:

Annotations:
D:2 1 runed translucent door, Crazy Yiuf


Message History

No target in view!
No target in view!
There is a stone staircase leading up here.
You now have 103 gold pieces (gained 6).
Found a hammer.
Found a runed translucent door.
Crazy Yiuf shouts!
Unknown command.
(D) Dungeon
Where to? (Enter - D:2, ? - help)
There is a stone staircase leading down here.
You climb downwards.
Found a stone staircase leading up.
There is a stone staircase leading up here.
There are monsters nearby!
Unknown command.
You shoot a sling bullet. The sling bullet hits the jelly.
The jelly is lightly wounded.
The adder hisses angrily.
You shoot a sling bullet. The sling bullet hits the jelly.
The jelly is heavily wounded.
The jelly hits you. The acid corrodes you!
You are splashed with acid!
The adder bites you.
You are too injured to fight recklessly!
Unknown command.
Casting: Freeze (safe; 1% risk of failure)
Confirm with . or Enter, or press ? or * to list all spells.
Aiming: Freeze (safe; 1% risk of failure)
Press: ? - help, Shift-Dir - straight line, f/p - jelly
Aim: a jelly (heavily wounded)
You freeze the jelly.
The jelly is severely wounded.
The adder bites you.
You are poisoned.
The adder poisons you! The jelly barely misses you.
It was a potion of invisibility.
You fade into invisibility!
You feel sick. The adder closely misses you. The jelly hits you.
* * * LOW HITPOINT WARNING * * *
You are splashed with acid.
You die...

. .. ... ....
#######.....
#...........
#...@S......
##..J.......
#..........
........#..#
<...#.#.....#
...#....#.#...#
...............
..###.#........


You could see a jelly and an adder (unable to see you).

Vanquished Creatures
  3 adders (D:2)
  3 worms (D:2)
  A dart slug (D:1)
  5 endoplasms
  2 giant cockroaches (D:1)
  2 goblins
  2 hobgoblins
  2 ball pythons (D:1)
  6 bats
  4 kobolds
  7 rats
37 creatures vanquished.

Notes
Turn   | Place    | Note
-------+----------+-------------------------------------------
     0 | D:1      | Zonian the Deep Elf Ice Elementalist began the quest for
                  | the Orb.
     0 | D:1      | Reached XP level 1. HP: 10/10 MP: 6/6
   325 | D:1      | Reached XP level 2. HP: 15/15 MP: 8/8
   662 | D:2      | Identified the +0 cloak "Fyl Qumn" {rC++}
   666 | D:2      | Reached XP level 3. HP: 19/19 MP: 10/10
  1519 | D:2      | Reached XP level 4. HP: 24/24 MP: 11/11
  1705 | D:2      | Found a runed translucent door.
  1706 | D:2      | Noticed Crazy Yiuf
  1736 | D:3      | Splashed by a jelly's acid

Illustrated notes

Levels and vault maps discovered:
D:1:      scummos_arrival_checkerplants, layout_rooms, minmay_misc_feat_alley
D:2:      layout_loops_ring, uniq_crazy_yiuf_cottage
D:3:      layout_rooms, demons_altar, mainiacjoe_overflow_alcove_4,
          mainiacjoe_overflow_alcove_2, mainiacjoe_overflow_catwalk,
          minmay_pentomino_pile, uniq_ijyb, uniq_grinder

Skill      XL: |  1  2 |
---------------+-------+-----
Stealth        | 3 |  3.5
Dodging        | 3 |  3.3
Spellcasting   | |  3.9
Ice Magic      | |  4.9

Action                     |  1- 3 |  4- 6 || total
---------------------------+-------+-------++-------
   Fire: Sling             |   105 |    10 ||   115
   Cast: Freeze            |    19 |     1 ||    20
    Use: Potion            |       |     1 ||     1
 Armour: Robe              |    18 |     1 ||    19
  Dodge: Dodged            |    39 |     2 ||    41
